[Event "FIDE World School-ch O-11 2025"]
[Site "Vrnjacka Banja"]
[Date "2025.03.28"]
[Round "9.1"]
[White "Zhauynbay, Alimzhan"]
[Black "Zabelin, Platon"]
[Result "1/2-1/2"]
[Annotator "NA RC"]
[ECO "B76"]
[WhiteElo "1927"]
[BlackElo "1831"]
[PlyCount "82"]
[EventDate "2025.03.19"]
[EventType "swiss"]
[EventCountry "SRB"]
[SourceTitle "playchess.com"]
[Source "ChessBase"]
[SourceQuality "1"]
[TimeControl "5400+30"]

1. e4 c5 2. Nf3 d6 3. d4 cxd4 4. Nxd4 Nf6 5. Nc3 g6 6. Be3 Bg7 7. f3 O-O 8. Qd2 Nc6 9. O-O-O d5 10. exd5 Nxd5 11. Nxc6 bxc6 12. Bd4 e5 13. Bc5 Re8 14. Ne4 {[%emt 0:00:08] B76: Sicilian Dragon: Yugoslav Attack, 9 g4 and 9 0-0-0.} Qc7 {[%emt 0:00:00] 14...Qc7 is better than 14...Be6.} 15. h4 f5 16. Nd6 Rd8 17. Nxc8 Raxc8 18. h5 Nb6 19. Bxb6 Rxd2 20. Bc4+ Kf8 21. Bxc7 Rxd1+ 22. Rxd1 Rxc7 23. hxg6 Bh6+ 24. Kb1 hxg6 25. Rd6 Kg7 26. Re6 Rd7 27. Bd3 Bf4 28. a3 $146 ({Predecessor:} 28. a4 Rd4 29. Rxc6 e4 30. fxe4 fxe4 31. Bb5 e3 32. Bd3 g5 33. a5 Kf7 34. Rc4 {1-0 Moussard,J (2686)-Zelbel,P (2456) Bundesliga 2223 2022 (12.6)}) 28... c5 $1 $11 {[%emt 0:00:00] keeps the balance.} 29. Rc6 Be3 30. Re6 Bd4 $16 31. Ka2 Rd8 32. g4 e4 33. fxe4 c4 34. Be2 f4 35. g5 Rd7 36. Bxc4 f3 37. e5 Rc7 38. Bd3 Rf7 39. Rxg6+ Kf8 40. Rf6 Bxe5 41. Rxf7+ Kxf7 1/2-1/2

[Event "FIDE World School-ch O-11 2025"]
[Site "Vrnjacka Banja"]
[Date "2025.03.28"]
[Round "9.2"]
[White "Uzdemir, Ali Poyraz"]
[Black "Yildiz, Ali Aras"]
[Result "1/2-1/2"]
[Annotator "NA RC"]
[ECO "C19"]
[WhiteElo "2184"]
[BlackElo "1932"]
[PlyCount "109"]
[EventDate "2025.03.19"]
[EventType "swiss"]
[EventCountry "SRB"]
[SourceTitle "playchess.com"]
[Source "ChessBase"]
[SourceQuality "1"]
[TimeControl "5400+30"]

1. e4 e6 2. d4 d5 3. Nc3 Bb4 4. e5 c5 5. a3 Bxc3+ 6. bxc3 Ne7 7. Nf3 b6 8. h4 Ba6 9. Bxa6 Nxa6 10. Qe2 c4 11. a4 Qd7 12. h5 h6 13. Nh4 O-O-O 14. Ba3 g5 15. hxg6 Nxg6 16. Nxg6 fxg6 $14 17. Qg4 g5 18. a5 Nc7 19. axb6 axb6 20. Bd6 Nb5 21. Ra8+ Kb7 22. Rxd8 Rxd8 23. Bb4 Rh8 24. Rh3 Qh7 25. Kd2 Nc7 26. Bd6 Ra8 27. Qd1 Nb5 28. Bb4 Ra4 29. Bf8 Qe4 30. Qf3 Nxc3 31. Qxc3 Qf4+ 32. Ke2 Qxf8 33. Rf3 Qe8 34. Rf6 Qh5+ 35. Kd2 Qh1 36. Qh3 Qa1 37. Qc3 Qf1 38. Rf7+ Ka6 39. Rf8 Qxg2 40. Qb2 Kb7 41. Qb5 c3+ 42. Kxc3 Rc4+ 43. Kb2 Qe4 44. Qd7+ Rc7 45. Qa4 Rc8 46. Rxc8 Kxc8 47. Qc6+ Kb8 48. Qxb6+ Ka8 49. f3 Qf4 50. Ka2 Qd2 51. Kb3 Qe2 52. Qc6+ Kb8 53. Kb4 Qd2+ 54. Kb3 Qxd4 55. Qxe6 1/2-1/2

[Event "FIDE World School-ch O-11 2025"]
[Site "Vrnjacka Banja"]
[Date "2025.03.28"]
[Round "9.3"]
[White "Tulegen, Ramazan"]
[Black "Ivanovic, Leonid"]
[Result "0-1"]
[Annotator "NA RC"]
[ECO "B47"]
[WhiteElo "1973"]
[BlackElo "2015"]
[PlyCount "58"]
[EventDate "2025.03.19"]
[EventType "swiss"]
[EventCountry "SRB"]
[SourceTitle "playchess.com"]
[Source "ChessBase"]
[SourceQuality "1"]
[TimeControl "5400+30"]

1. e4 c5 2. Nf3 e6 3. d4 cxd4 4. Nxd4 Nc6 5. Nc3 Qc7 6. g3 a6 7. Bg2 Nf6 8. O-O Bc5 9. Nb3 Ba7 10. Bf4 Ne5 11. Qd2 d6 12. Rad1 Bb8 13. Bg5 Nfd7 14. Qe2 b5 15. a3 $16 (15. Nd4 $14) 15... Nc4 16. Bc1 O-O 17. e5 d5 18. f4 Ba7+ 19. Kh1 Ndb6 20. Qe1 Na4 21. Nxa4 bxa4 22. Nd4 Rb8 23. Qc3 Qb7 24. b4 axb3 25. Nxb3 Qc7 26. Rfe1 a5 27. f5 exf5 28. Bxd5 Bb7 29. Bf3 Nxe5 0-1

[Event "FIDE World School-ch O-11 2025"]
[Site "Vrnjacka Banja"]
[Date "2025.03.28"]
[Round "9.4"]
[White "Kiringoda, Thehas Rithmitha"]
[Black "Jumanazarov, Ibrohim"]
[Result "0-1"]
[Annotator "NA RC"]
[ECO "B36"]
[WhiteElo "1868"]
[BlackElo "1869"]
[PlyCount "162"]
[EventDate "2025.03.19"]
[EventType "swiss"]
[EventCountry "SRB"]
[SourceTitle "playchess.com"]
[Source "ChessBase"]
[SourceQuality "1"]
[TimeControl "5400+30"]

1. e4 c5 2. Nf3 g6 3. d4 cxd4 4. Nxd4 Nc6 5. c4 Nf6 6. Nc3 Nxd4 7. Qxd4 d6 8. f3 Bg7 9. Be3 O-O 10. Qd3 Bd7 11. Be2 a6 12. a4 Qa5 13. O-O Rfc8 14. Rfc1 Be6 15. b3 Nd7 16. Rab1 Qd8 17. Nd5 Nc5 18. Qd2 a5 19. Nc3 Qe8 20. Kh1 f5 21. Bd4 Qf8 22. Bxg7 Qxg7 23. exf5 Bxf5 24. Rb2 Rf8 25. Bf1 Bd7 26. Nd5 Bc6 27. Qc3 e6 28. Qxg7+ Kxg7 29. Nc3 Rad8 30. Kg1 h5 31. Rd1 e5 32. Bd3 Rf4 33. Bc2 Rd4 34. Rbb1 Rxd1+ 35. Rxd1 Ne6 36. Ne2 Kf6 37. Kf2 h4 38. h3 g5 39. Rd2 Ke7 40. Ke3 Rf8 41. Rd1 Nc5 42. Rb1 Rd8 43. Nc3 Ne6 44. b4 axb4 45. Rxb4 Nc5 46. Ne4 Bxe4 47. Bxe4 Ra8 48. Bc2 Kd7 49. Rb5 Kc7 50. a5 Ra6 51. Be4 Ra8 52. Bd5 Rf8 53. Rb2 Ra8 54. Ra2 Ra7 55. Ra3 Kc8 56. f4 gxf4+ 57. Kf3 b6 58. a6 Nxa6 59. Kg4 Rg7+ 60. Kxh4 Nc7 61. Bc6 Kd8 62. Rb3 Ke7 63. Rxb6 Kf6 64. Be4 Ke7 65. Kh5 Ne6 66. Kh6 Rg3 67. Rb7+ Kf6 68. Bd5 Rg6+ 69. Kh7 Ng5+ 70. Kh8 e4 71. Rd7 Ke5 72. Re7+ Ne6 73. Kh7 Rf6 74. h4 Kf5 75. Re8 f3 76. Bxe4+ Kxe4 77. gxf3+ Kxf3 78. h5 Kg4 79. Rb8 Kxh5 80. Rb6 Kg5 81. Kg8 Kg6 0-1

[Event "FIDE World School-ch O-11 2025"]
[Site "Vrnjacka Banja"]
[Date "2025.03.28"]
[Round "9.5"]
[White "Lishoy Gengis Paratazham, Dildarav"]
[Black "Bai, Moxuan"]
[Result "1/2-1/2"]
[Annotator "NA RC"]
[ECO "B20"]
[WhiteElo "2071"]
[BlackElo "1726"]
[PlyCount "70"]
[EventDate "2025.03.19"]
[EventType "swiss"]
[EventCountry "SRB"]
[SourceTitle "playchess.com"]
[Source "ChessBase"]
[SourceQuality "1"]
[TimeControl "5400+30"]

1. e4 c5 2. d3 Nc6 3. g3 d5 4. Bg2 Nf6 5. exd5 Nxd5 6. Nc3 Be6 7. Nge2 Nxc3 8. bxc3 Bd5 9. f3 e5 10. c4 Be6 11. O-O Nd4 12. c3 Nxe2+ 13. Qxe2 Bd6 14. f4 Qc7 {[%emt 0:03:21] [#]} 15. Rb1 $1 Rb8 $18 (15... exf4 {keeps fighting.} 16. Bxf4 (16. Rxb7 Qc8 $16) 16... O-O) 16. f5 Bd7 17. f6 g6 18. Bh6 Kd8 19. Kh1 Re8 20. Rbd1 Bc6 21. Be4 Qd7 22. Qg2 Kc7 23. Rd2 Rbd8 24. Rfd1 Bxe4 25. dxe4 Qe6 26. Qf1 Kc8 27. Be3 Bf8 28. Rd5 Rxd5 29. exd5 Qg4 30. Kg1 Bd6 31. Re1 h5 32. Qe2 Qh3 33. Qg2 Qg4 34. Qe2 Qh3 35. Qg2 Qg4 1/2-1/2

[Event "FIDE World School-ch O-11 2025"]
[Site "Vrnjacka Banja"]
[Date "2025.03.28"]
[Round "9.6"]
[White "Pavlovic, Aleksej"]
[Black "Perunovic, Uros"]
[Result "1-0"]
[Annotator "NA RC"]
[ECO "E97"]
[WhiteElo "1571"]
[BlackElo "1986"]
[PlyCount "131"]
[EventDate "2025.03.19"]
[EventType "swiss"]
[EventCountry "SRB"]
[SourceTitle "playchess.com"]
[Source "ChessBase"]
[SourceQuality "1"]
[TimeControl "5400+30"]

1. d4 Nf6 2. c4 g6 3. Nc3 Bg7 4. e4 d6 5. Nf3 O-O 6. Be2 e5 7. O-O Nc6 8. dxe5 dxe5 9. Bg5 Qxd1 10. Raxd1 Bg4 {[%emt 0:00:00] E97: King's Indian: Classical Main Line (6...e5 7 0-0 Nc6): 8 Be3 and 8 d5 Ne7, not 9 Ne1.} 11. h3 Bxf3 12. Bxf3 Nd4 13. Nd5 Nxd5 14. cxd5 f5 15. Be3 Nxf3+ 16. gxf3 Rfd8 17. Rc1 f4 18. Bc5 b6 19. Ba3 Rac8 {[%emt 0:00:00] [#]} 20. Rc6 $1 Rd7 21. Rfc1 $18 Kf7 22. Bd6 Ke8 23. Bxc7 Ra8 24. Bd6 Rad8 25. Ba3 Kf7 26. b3 Bf8 27. Bxf8 Rxf8 28. Kf1 Rfd8 29. Ke2 Kf8 30. Kd3 Kf7 31. Kc4 Rd6 32. Rxd6 Rxd6 33. Kb5 Rd7 34. Rc6 Ke7 35. Rc8 Kd6 36. Rc6+ Ke7 37. Re6+ Kd8 38. d6 g5 39. Kc6 h5 40. Rxe5 Rg7 41. Rf5 Ke8 42. d7+ Rxd7 43. Rf8+ Ke7 44. Rf7+ Kxf7 45. Kxd7 Kf6 46. Kd6 g4 47. fxg4 hxg4 48. hxg4 Kg5 49. e5 Kxg4 50. e6 Kf3 51. e7 Kxf2 52. e8=Q f3 53. Qe4 Kg3 54. Kc6 f2 55. Qe2 Kg2 56. Qg4+ Kh1 57. Qf3+ Kg1 58. Qg3+ Kf1 59. Kb7 b5 60. Kxa7 b4 61. Kb6 Ke2 62. Qg2 Ke1 63. Kb5 f1=Q+ 64. Qxf1+ Kxf1 65. Kxb4 Ke2 66. Kc5 1-0